Map: Kairos Junction LE

Players

IIIIIIIIIIII

  • Race: Protoss Protoss
  • Spawn Location: 11:00

BOOOOOOOOOoM - Winner!

  • Race: Zerg Zerg
  • League: Master
  • Spawn Location: 5:00

VOD

Have the link to the VOD?

Description

Time

  • Played on: April 23, 2019, 5 a.m.
  • Length: 9:45
Show
View Real Time Build Order
Export as new Build Order

IIIIIIIIIIII Protoss 

Build Orders: 1 Gate Expand, Oracle Opening, Phoenix Opening 

Get SALT Encoding   

  12  0:00  Probe  
  13  0:13  Probe  
  14  0:19  Pylon  
  14  0:24  Probe  
  15  0:33  Probe  
  15  0:41  Probe  
  16  0:43  Gateway  
  16  0:47  Assimilator  
  17  0:52  Probe  
  18  1:04  Probe  
  19  1:16  Probe  
  20  1:26  Nexus  
  20  1:37  Cybernetics Core  
  20  1:39  Probe  
  21  1:50  Assimilator  
  21  1:53  Pylon  
  21  1:54  Probe  
  22  2:03  Adept  
  22  2:06  Probe  
  25  2:15  Stargate  
  25  2:18  Probe  
  26  2:29  Adept  
  26  2:30  Probe  
  26  2:34  Probe  
  29  2:42  Probe x2  
  31  2:48  Pylon  
  32  3:00  Warp Gate  
  30  3:13  Oracle  
  30  3:18  Pylon  
  29  3:22  Probe  
  29  3:24  Probe  
  34  3:34  Probe  
  34  3:40  Adept  
  37  3:41  Probe  
  37  3:43  Gateway  
  37  3:44  Pylon  
  37  3:49  Probe  
  37  3:53  Phoenix  
  37  3:54  Probe  
  41  4:01  Probe  
  39  4:18  Probe  
  39  4:22  Probe  
  41  4:24  Assimilator  
  41  4:26  Probe  
  41  4:27  Assimilator  
  41  4:28  Pylon  
  42  4:34  Probe  
  42  4:36  Probe  
  43  4:46  Probe  
  43  4:47  Probe  
  42  4:53  Oracle  
  42  4:58  Probe, Robotics Facility  
  42  4:59  Probe, Twilight Council  
  46  5:00  Zealot  
  49  5:07  Probe  
  49  5:10  Probe  
  51  5:17  Nexus  
  51  5:20  Probe  
  51  5:21  Pylon  
  51  5:24  Probe  
  53  5:34  Charge  
  53  5:38  Templar Archives  
  53  5:42  Gateway  
  53  5:44  Gateway  
  53  5:52  Warp Prism  
  53  6:00  Probe x2  
  57  6:07  Adept x2  
  58  6:30  Zealot x2  
  38  6:41  Zealot  
  38  6:44  Probe x2  
  38  6:46  Immortal  
  41  6:53  Zealot  
  41  6:54  Zealot  
  45  6:56  Probe  
  45  6:58  Probe  
  49  7:03  Probe  
  49  7:04  Probe  
  49  7:06  Probe  
  51  7:11  Probe  
  51  7:12  Probe  
  51  7:14  Probe  
  53  7:20  Probe  
  55  7:24  Probe  
  55  7:26  Probe  
  57  7:32  Probe  
  57  7:33  Probe  
  57  7:34  Shield Battery, Probe  
  60  7:41  Probe  
  61  7:44  Probe x2  
  61  7:48  Observer  
  65  7:52  Pylon  
  65  7:55  Gateway  
  65  8:01  Gateway  
  65  8:12  Probe  
  66  8:13  Probe x2  
  66  8:18  Gateway x2  
  68  8:24  Sentry  
  68  8:25  Immortal  
  71  8:42  Gateway  
  71  8:43  Gateway  
  71  8:58  High Templar x3  
  77  9:03  Archon, Pylon  
  77  9:05  Pylon  
  81  9:26  Zealot x3  
  81  9:30  High Templar  
  81  9:31  High Templar, Zealot  
  89  9:34  Archon  
  65  9:40  Zealot  
  65  9:41  Zealot  
Show
View Real Time Build Order
Export as new Build Order

BOOOOOOOOOoM Zerg - Winner!

Build Orders: Hatch First 

Get SALT Encoding   

  12  0:00  Drone  
  13  0:12  Overlord  
  13  0:19  Drone  
  14  0:31  Drone x2  
  16  0:49  Hatchery  
  15  0:52  Drone  
  15  0:55  Drone  
  17  0:58  Drone  
  18  1:10  Extractor  
  17  1:14  Spawning Pool  
  16  1:20  Drone x2  
  18  1:29  Drone  
  19  1:47  Overlord  
  19  2:01  Queen x2  
  19  2:03  Zergling x6  
  26  2:12  Drone x2  
  26  2:15  Metabolic Boost  
  28  2:23  Drone  
  28  2:24  Drone  
  30  2:33  Drone x2  
  32  2:44  Drone x2  
  33  3:02  Drone  
  33  3:03  Drone  
  34  3:05  Drone  
  34  3:11  Drone  
  34  3:12  Drone  
  36  3:15  Overlord  
  35  3:22  Hatchery  
  35  3:23  Drone x2  
  36  3:28  Evolution Chamber  
  36  3:32  Drone  
  36  3:39  Queen x2  
  40  3:43  Drone x3  
  42  3:50  Spore Crawler  
  42  3:54  Zerg Melee Weapons Level 1  
  41  3:58  Drone x3  
  41  3:59  Overlord  
  41  4:00  Overlord  
  44  4:15  Overlord  
  44  4:16  Overlord  
  44  4:17  Queen  
  46  4:26  Drone x3  
  43  4:39  Drone x6  
  43  4:40  Drone x4  
  51  4:45  Drone  
  51  4:50  Baneling Nest  
  51  4:53  Spore Crawler  
  51  4:54  Drone x2  
  52  5:05  Lair  
  52  5:06  Extractor x2  
  52  5:07  Roach Warren  
  49  5:09  Drone  
  49  5:10  Drone x4  
  54  5:24  Overlord  
  54  5:25  Zergling x12  
  60  5:28  Zergling x2  
  60  5:29  Zergling x2  
  60  5:30  Zergling x2  
  60  5:31  Zergling x2  
  60  5:33  Zergling x2  
  66  5:35  Zergling x2  
  66  5:36  Zergling x2  
  66  5:41  Drone  
  68  5:46  Zergling x2  
  68  5:47  Zergling x8  
  73  5:56  Drone x5  
  77  6:11  Baneling x2  
  75  6:22  Drone  
  71  6:26  Drone x2  
  70  6:36  Drone x2  
  70  6:37  Drone x3  
  71  6:40  Hydralisk Den  
  71  6:41  Drone x5, Extractor  
  71  6:42  Extractor  
  71  6:43  Drone x2  
  73  6:58  Extractor  
  70  7:02  Zerg Missile Weapons Level 1, Roach  
  70  7:03  Roach  
  70  7:05  Overlord x3  
  74  7:13  Glial Reconstitution  
  74  7:15  Grooved Spines  
  74  7:18  Overlord x2  
  74  7:22  Centrifical Hooks  
  74  7:27  Zergling x10  
  74  7:28  Zergling x16  
  87  7:33  Hatchery  
  87  7:35  Roach  
  88  7:41  Ravager x2  
  88  7:42  Hydralisk x3  
  88  7:43  Hatchery, Hydralisk x3  
  101  7:44  Hydralisk  
  101  7:50  Roach  
  105  7:54  Hydralisk x3  
  111  7:59  Baneling x4  
  111  8:11  Hydralisk x3  
  114  8:13  Overlord x3  
  114  8:24  Overlord x2  
  114  8:25  Overlord x2  
  112  8:38  Roach x7  
  126  8:48  Roach x4  
  131  8:55  Baneling x11  
  133  8:57  Baneling  
  133  9:07  Roach x3  
Tags
 
Add a new tag
Caveats
  • Supply blocks, unpowered buildings, or Contaminate may cause inaccurate times.
  • Supply counts are checked every 10 seconds.